cohdb
Replays
Latest Replays
All Replays
Popular Replays
Top Player Replays
Match Explorer
How It Works
Community
CoH3 Stats
Reddit
Sign in to upload your games and track your stats! →
Sign in with Steam
Match 41608912
Unlisted
Match 41608912
Overview
Messages
Build Orders
End
Construct Infanterie Kompanie
Selects Terror Battlegroup
Selects Machine Gun Camouflage
Kettenkrad Recon Vehicle
MG 42 Machine Gun Team
MG 42 Machine Gun Team
Construct Panzergrenadier Kompanie
Construct Luftwaffe Kompanie
221 Scout Car
Jäger Squad
Jäger Squad
Jäger Squad
Forward Retreat Point
Luftwaffe Officer Quarters
Medical Station
Selects Defend the Fatherland
Support Elements
Marder III M Tank Destroyer
Marder III M Tank Destroyer
rmsi
[NiP] SimplyBest
$kaffa soldier
shelemin88
STALKER4732
ezh
Rolo
Devochkin
0
0
Comments
sign in to comment!
No comments posted yet!